 Dungeon Crawl Stone Soup version 0.30.0-15-g856e2d3f33 (webtiles) character file.

Game seed: 15273580506256454775

3738 gelatine the Firebug (level 9, -6/65 HPs)
             Began as a Demonspawn Fire Elementalist on May 17, 2023.
             Killed by an exploding vampire mosquito (29 damage)
             ... ignited by their inner flame
             ... on level 8 of the Dungeon on May 18, 2023.
             The game lasted 00:22:03 (7506 turns).

gelatine the Firebug (Demonspawn Fire Elementalist) Turns: 7506, Time: 00:22:05

Health: -6/65      AC:  7    Str:  8    XL:     9   Next: 93%
Magic:  21/27      EV: 13    Int: 21    God:
Gold:   102        SH:  0    Dex: 14    Spells: 3/20 levels left

rFire   + . .        r - +2 quarterstaff (chaos)
rCold   + . .        (shield currently unavailable)
rNeg    . . .        v - +2 leather armour {rC+}
rPois   .            (helmet restricted)
rElec   .            q - +0 cloak
rCorr   .            (no gloves)
SInv    .            g - +0 pair of boots
Will    .....        x - amulet of magic regeneration
Stlth   ++           i - ring of magical power
HPRegen 0.30/turn    m - ring of protection from fire
MPRegen 0.80/turn

%: no passive effects
@: no status effects
A: horns 1, ignite blood 1, magic regeneration, sturdy frame 2
a: no special abilities


You were on level 8 of the Dungeon.
You visited 2 branches of the dungeon, and saw 9 of its levels.

You collected 322 gold pieces.
You spent 220 gold pieces at shops.

Inventory:

Hand Weapons
 n - a +0 hammer of protection
 r - a +2 quarterstaff of chaos (weapon)
 s - a +1 short sword of protection
 t - a +1 hand axe of freezing
Missiles
 N - 4 throwing nets
Armour
 g - a +0 pair of boots (worn)
 q - a +0 cloak (worn)
 v - a +2 leather armour of cold resistance (worn)
 y - a +2 robe of willpower
Jewellery
 a - a ring of see invisible
 i - a ring of magical power (left hand)
 m - a ring of protection from fire (right hand)
 x - an amulet of magic regeneration (around neck)
Wands
 f - a wand of paralysis (9)
 I - a wand of flame (21)
 K - a wand of quicksilver (12)
Scrolls
 c - a scroll of teleportation
 k - 3 scrolls of acquirement
 l - a scroll of summoning
 o - a scroll of enchant weapon
 w - a scroll of vulnerability
 A - a scroll of brand weapon
 B - a scroll of enchant armour
 E - a scroll of fog
 F - a scroll of amnesia
 H - a scroll of immolation
 M - 2 scrolls of magic mapping
Potions
 b - a potion of magic
 d - 3 potions of lignification {unknown}
 h - 2 potions of curing
 j - 2 potions of haste {unknown}
 p - 3 potions of attraction {unknown}
 u - 4 potions of degeneration {unknown}
 z - a potion of berserk rage {unknown}
 C - a potion of resistance {unknown}
 D - a potion of invisibility {unknown}
 G - 4 potions of might {unknown}
 J - a potion of ambrosia {unknown}


   Skills:
 * Level 4.2 Fighting
 + Level 2.0 Staves
 * Level 3.1 Armour
 * Level 4.4 Dodging
 + Level 2.8 Stealth
 + Level 6.0 Spellcasting
 * Level 5.4 Conjurations
 * Level 3.4 Translocations
 * Level 6.7 Fire Magic
 * Level 1.6 Poison Magic
 * Level 1.5 Evocations


You had 3 spell levels left.
You knew the following spells:

 Your Spells              Type           Power      Damage    Failure   Level
a - Foxfire               Conj/Fire      100%       2x1d9     1%          1
b - Scorch                Fire           68%        2d8       1%          2
c - Volatile Blastmotes   Fire/Tloc      54%        2d14      3%          3
d - Olgreb's Toxic Radia  Pois           13%        N/A       45%         4
e - Inner Flame           Hex/Fire       20%        N/A       8%          3
f - Flame Wave            Conj/Fire      31%        2d9       8%          4

Your spell library contained the following spells:

 Spells                   Type           Power      Damage    Failure   Level
 Blink                    Tloc           40%        N/A       3%          2
 Sting                    Tmut/Pois      36%        1d4       7%          1
 Poisonous Vapours        Pois/Air       18%        N/A       11%         2
 Vhi's Electric Charge    Tloc/Air       26%        N/A       14%         3
 Iskenderun's Mystic Bla  Conj/Tloc      25%        2d7       16%         4
 Manifold Assault         Tloc           20%        N/A       24%         4
 Fulminant Prism          Conj/Hex       8%         3d7       30%         4
 Arcjolt                  Conj/Air       8%         1d18      65%         5
 Lee's Rapid Deconstruct  Erth           3%         3d5*      95%         5
 Storm Form               Tmut/Air       3%         N/A       100%        7
 Maxwell's Capacitive Co  Air            3%         ∞         100%        8


Dungeon Overview and Level Annotations

Branches:
Dungeon (8/15)             Temple (1/1) D:7
   Lair: D:8-11

Altars:
Cheibriados
Dithmenos
Fedhas
Gozag
Hepliaklqana
Kikubaaqudgha
Makhleb
Nemelex Xobeh
Okawaru
Qazlal
Ru
Sif Muna
Trog
Uskayaw
Vehumet
Wu Jian
Xom
Yredelemnul

Shops:
D:7 :

Annotations:
D:4 2 transporters, chunkyMonkey's ghost, amateur VSFi


Innate Abilities, Weirdness & Mutations

You have a pair of small horns on your head.
Your demonic aura sometimes causes spilled blood to erupt in flames.
You regenerate magic rapidly.
Your movements are less encumbered by armour. (ER -4)


Message History

Unknown command.
You miss the vampire mosquito.
The foxfire hits the vampire mosquito.
The vampire mosquito is moderately damaged.
The foxfire hits the vampire mosquito.
The vampire mosquito is lightly damaged.
The vampire mosquito barely misses you. The vampire mosquito bites you.
The vampire mosquito draws strength from your injuries!
The vampire mosquito bites you.
The vampire mosquito draws strength from your injuries!
The vampire mosquito barely misses you. The vampire mosquito misses you.
Casting: Foxfire (safe; 1% risk of failure)
Confirm with . or Enter, or press ? or * to list all spells.
Aiming: Inner Flame (dangerous; 8% risk of failure)
Press: ? - help, Dir - move target, f - vampire mosquito
Aim: a vampire mosquito (lightly damaged, chance to affect: 75%)
The vampire mosquito is filled with an inner flame.
The vampire mosquito completely misses you.
The vampire mosquito bites you but does no damage.
The vampire mosquito misses you.
Casting: Inner Flame (dangerous; 8% risk of failure)
Confirm with . or Enter, or press ? or * to list all spells.
Casting: Flame Wave (dangerous; 8% risk of failure)
Press: ? - help, Dir - look around, f - activate A wave of flame ripples out!
The flame wave engulfs the vampire mosquito!
The vampire mosquito is moderately damaged.
The flame wave engulfs the vampire mosquito!
Flame seeps out of the vampire mosquito.
The vampire mosquito is severely damaged. (Press . to intensify the flame waves.)
The vampire mosquito barely misses you.
The vampire mosquito is engulfed in blazing flames.
Flame seeps out of the vampire mosquito.
The vampire mosquito bites you.
The vampire mosquito draws strength from your injuries!
The vampire mosquito misses you.
The vampire mosquito is engulfed in blazing flames.
The vampire mosquito explodes!
The fiery explosion engulfs you!! You resist.
You die...

.....>.##,.######,,*
........##.#.......#
.........#.#.......##
....................#
##..................#
###................#
##...............#
#..........§§...#
##........§○@...#
#........§y§...#
#..............#
##.............##
*##..............#*
***...............#.#
,,,...............#.#
,,,..............#..#
***###..........#..##


You could see a vampire mosquito.

Vanquished Creatures
  A yaktaur (shapeshifter) (D:8)
  A steam dragon (D:8)
  3 vampire mosquitoes (D:8)
  6 water moccasins
  A black bear (D:6)
  6 ice beasts
  3 ogres
  A centaur (D:5)
  3 bullfrogs
  2 kobold brigands (D:8)
  Blork the orc (D:4)
  4 scorpions
  4 wights (D:6)
  4 hounds
  A gnoll bouda (D:8)
  3 jellies
  An orc priest (D:8)
  Crazy Yiuf (D:2)
  2 iguanas
  A sleepcap (D:8)
  An orc wizard (D:8)
  Natasha (thrice) (D:3)
  3 gnolls (D:8)
  8 adders
  A white imp (D:7)
  An ufetubus (D:5)
  A worm (D:2)
  A dart slug (D:5)
  12 orcs
  6 ball pythons
  4 endoplasms
  3 giant cockroaches
  6 hobgoblins
  A quokka (D:2)
  A bat (D:3)
  2 frilled lizards (D:2)
  4 goblins
  11 kobolds
  5 rats
123 creatures vanquished.

Vanquished Creatures (others)
  515 foxfires
515 creatures vanquished.

Grand Total: 638 creatures vanquished

Notes
Turn   | Place    | Note
-------+----------+-------------------------------------------
     0 | D:1      | gelatine the Demonspawn Fire Elementalist began the quest
                  | for the Orb.
     0 | D:1      | Reached XP level 1. HP: 13/13 MP: 3/3
   625 | D:1      | Gained mutation: You regenerate magic rapidly. [demonic
                  | ancestry]
   625 | D:1      | Reached XP level 2. HP: 19/19 MP: 5/5
   682 | D:1      | Found a faded altar of an unknown god.
  1178 | D:2      | Learned a level 2 spell: Scorch
  1179 | D:2      | Found a runed translucent door.
  1180 | D:2      | Noticed Crazy Yiuf
  1208 | D:2      | Reached XP level 3. HP: 12/24 MP: 6/6
  1806 | D:2      | Killed Crazy Yiuf
  1807 | D:2      | Gained mutation: Your movements are slightly less
                  | encumbered by armour. (ER -2) [demonic ancestry]
  1807 | D:2      | Reached XP level 4. HP: 13/31 MP: 7/7
  1994 | D:3      | Reached skill level 1 in Fighting
  2279 | D:3      | Noticed Natasha
  2282 | D:3      | Killed Natasha
  2662 | D:3      | Noticed Natasha
  2667 | D:3      | Killed Natasha
  2668 | D:3      | Gained mutation: You have a pair of small horns on your
                  | head. [demonic ancestry]
  2668 | D:3      | Reached XP level 5. HP: 37/37 MP: 9/9
  2675 | D:3      | Noticed Natasha
  2682 | D:3      | Killed Natasha
  2992 | D:4      | Reached XP level 6. HP: 4/44 MP: 10/10
  3122 | D:4      | Learned a level 3 spell: Volatile Blastmotes
  3155 | D:4      | Noticed chunkyMonkey's ghost (amateur VSFi)
  3156 | D:4      | Found a transporter.
  3167 | D:4      | Found a transporter.
  3237 | D:4      | Noticed an ice beast
  3243 | D:4      | Killed an ice beast
  3421 | D:4      | Noticed Blork the orc
  3432 | D:4      | Killed Blork the orc
  3433 | D:4      | Gained mutation: Your movements are less encumbered by
                  | armour. (ER -4) [demonic ancestry]
  3433 | D:4      | Reached XP level 7. HP: 43/50 MP: 13/13
  3786 | D:5      | Entered Level 5 of the Dungeon
  3842 | D:5      | Reached skill level 1 in Translocations
  3930 | D:5      | Reached skill level 1 in Armour
  4250 | D:5      | Found an opulent altar of Gozag.
  4260 | D:5      | Reached XP level 8. HP: 34/57 MP: 15/15
  4388 | D:5      | Reached skill level 5 in Spellcasting
  4388 | D:5      | Reached skill level 5 in Fire Magic
  4435 | D:5      | Found a sparkling altar of Nemelex Xobeh.
  4724 | D:6      | Reached skill level 1 in Staves
  5286 | D:6      | Gained mutation: Your demonic aura sometimes causes spilled
                  | blood to erupt in flames. [demonic ancestry]
  5286 | D:6      | Reached XP level 9. HP: 64/64 MP: 17/17
  5596 | D:7      | Found a staircase to the Ecumenical Temple.
  5603 | Temple   | Entered the Ecumenical Temple
  6252 | D:7      | Found Ynaq's Book Shoppe.
  6256 | D:7      | Bought a Young Poisoner's Handbook for 220 gold pieces
  6285 | D:7      | Learned a level 4 spell: Olgreb's Toxic Radiance
  6335 | D:7      | Found a hazy altar of Hepliaklqana.
  6526 | D:7      | Upgraded the game from 0.30.0-13-g156ef70053 to
                  | 0.30.0-15-g856e2d3f33
  6549 | D:8      | a shapeshifter changed into a yaktaur
  6549 | D:8      | Noticed a yaktaur (shapeshifter)
  6562 | D:8      | Killed a yaktaur
  6563 | D:8      | Reached skill level 5 in Conjurations
  6705 | D:8      | Learned a level 3 spell: Inner Flame
  6710 | D:8      | Learned a level 4 spell: Flame Wave
  6732 | D:8      | Found an ancient bone altar of Kikubaaqudgha.
  6745 | D:8      | Reached skill level 1 in Poison Magic
  6845 | D:8      | Identified 3 scrolls of acquirement
  6891 | D:8      | Reached skill level 1 in Evocations
  7339 | D:8      | Noticed a kobold demonologist
  7345 | D:8      | Noticed an orange demon
  7370 | D:8      | Noticed a smoke demon
  7378 | D:8      | Noticed a hellwing
  7506 | D:8      | Killed by an exploding vampire mosquito... ignited by their
                  | inner flame

Illustrated notes

Levels and vault maps discovered:
D:1:      dpeg_arrival_houses_and_road, layout_rooms,
          shapermc_ecumenical_altar_mp_highgroup, grunt_decor_arrowhead
D:2:      layout_basic, uniq_crazy_yiuf_cottage
D:3:      layout_basic, hangedman_glass_teeth, uniq_natasha
D:4:      layout_loops_ring, gammafunk_ghost_arena, kennysheep_generic_room_7,
          uniq_blork_the_orc
D:5:      layout_gridville, nemelex_spade_bored_becter, kennysheep_little_box,
          chequers_avenue, kennysheep_pointless_box
D:6:      layout_gridville, serial_rivers, chequers_serial_rivers_micro_d,
          chequers_serial_rivers_micro_b, chequers_serial_rivers_micro_a,
          chequers_serial_rivers_micro_b, chequers_serial_rivers_room_b,
          minivault_4, kennysheep_generic_room_16
D:7:      layout_basic, nicolae_hepliaklqana_hazy_memory,
          minmay_temple_entry_junction_2, serial_shops,
          nicolae_shop_tiny_real_fake_doors
D:8:      layout_layer_cave, mainiacjoe_overflow_six_doors_small,
          mainiacjoe_overflow_big_doors, enter_ossuary_2, grunt_ministairs_14,
          grunt_ogre_cave
Temple:   minmay_temple_bridge_d

Skill      XL: |  1  2  3  4  5  6  7  8  9 |
---------------+----------------------------+-----
Fire Magic     | 3 4 5 6 |  6.7
Dodging        | 2 3 4 |  4.4
Conjurations   | 2 3 4 5 |  5.4
Fighting       | 1 2 3 4 |  4.2
Spellcasting   | 3 4 5 6 |  6.0
Stealth        | 2 |  2.8
Translocations | 1 2 3 |  3.4
Armour         | 1 2 3 |  3.1
Staves         | 1 2 |  2.0
Poison Magic   | 1 |  1.6
Evocations     | 1 |  1.5

Action                     |  1- 3 |  4- 6 |  7- 9 || total
---------------------------+-------+-------+-------++-------
  Melee: Unarmed           |     5 |       |       ||     5
         Dagger            |    12 |       |       ||    12
         Quarterstaff      |       |     9 |    77 ||    86
         Headbutt          |       |     3 |    15 ||    18
   Cast: Foxfire           |    59 |    94 |   160 ||   313
         Scorch            |     3 |     7 |    39 ||    49
         Volatile Blastmot |       |     2 |    10 ||    12
         Flame Wave        |       |       |     5 ||     5
         Inner Flame       |       |       |     3 ||     3
    Use: Potion            |       |     1 |     2 ||     3
         Scroll            |       |       |    16 ||    16
   Stab: Sleeping          |       |       |     3 ||     3
         Confused          |       |       |     2 ||     2
         Paralysed         |       |       |     2 ||     2
 Armour: Robe              |     1 |     1 |       ||     2
         Leather armour    |       |     1 |    63 ||    64
  Dodge: Dodged            |    11 |     9 |   117 ||   137
